 Dungeon Crawl Stone Soup version 0.30-a0-743-gbfdf073431 (webtiles) character file.

Game seed: 9067849442222811291

116 lunkers the Slasher (level 5, 0/45 HPs)
             Began as a Meteoran Fighter on Feb 6, 2023.
             Slain by a bullfrog (1 damage)
             ... in a sewer.
             The game lasted 00:02:27 (862 turns).

lunkers the Slasher (Meteoran Fighter)               Turns: 862, Time: 00:02:28

Health: 0/45       AC:  6    Str: 18    XL:     5   Next: 45%
Magic:  6/6        EV:  9    Int: 15    God:
Gold:   54         SH:  5    Dex: 15    Spells: 4/4 levels left

rFire   . . .      SeeInvis .    a - +0 long sword
rCold   . . .      Faith    .    c - +0 buckler
rNeg    . . .      Spirit   .    b - +0 scale mail
rPois   .          Reflect  .    (no helmet)
rElec   .          Harm     .    (no cloak)
rCorr   +          Rampage  .    (no gloves)
Will    .....                    (no boots) Stlth
                                 (no amulet)
HPRegen 0.27/turn                g - ring of resist corrosion
MPRegen 0.10/turn                l - +6 ring of intelligence

@: mighty, glowing, very slow
A: sense surroundings 1, otherworldly, glowing, explore regen
a: no special abilities


You were in a sewer.
You visited 1 branch of the dungeon, and saw 3 of its levels.
You also visited: Sewer.

You collected 54 gold pieces.

Inventory:

Hand Weapons
 a - a +0 long sword (weapon)
Armour
 b - a +0 scale mail (worn)
 c - a +0 buckler (worn)
Jewellery
 g - a ring of resist corrosion (left hand)
 l - a +6 ring of intelligence (right hand)
Wands
 q - a wand of charming (10)
Scrolls
 e - 2 scrolls of amnesia {unknown}
 f - 4 scrolls of identify {unknown}
 h - a scroll of torment {unknown}
 n - a scroll of fog {unknown}
 o - a scroll of teleportation {unknown}
 p - a scroll of magic mapping {unknown}
Potions
 i - a potion of ambrosia {unknown}
 j - a potion of flight {unknown}
 k - 2 potions of heal wounds {unknown}
 m - 2 potions of curing {unknown}


   Skills:
 - Level 3.2 Fighting
 + Level 6.0 Long Blades
 - Level 3.6 Armour
 - Level 3.6 Shields


You had 4 spell levels left.
You didn't know any spells.
Your spell library contained the following spells:

 Spells                   Type           Power      Damage    Failure   Level
 Lesser Beckoning         Tloc           0%         N/A       86%         2
 Gell's Gravitas          Tloc           0%         N/A       97%         3
 Teleport Other           Tloc           0%         N/A       97%         3


Dungeon Overview and Level Annotations

Branches:
Dungeon (3/15) Zot: 1183    Sewer (1/1) Zot: 277

Altars:


Innate Abilities, Weirdness & Mutations

You passively map a small area around you.
You are easily found by Zot.
You glow in the dark.
You regain HP and MP as you explore.


Message History

You block the bullfrog's attack.
You miss the bullfrog. You block the bullfrog's attack. The bullfrog hits you.
* * * LOW HITPOINT WARNING * * *
The bullfrog hits you.
* * * LOW HITPOINT WARNING * * *
You slash the bullfrog!
The bullfrog is heavily wounded.
The bullfrog completely misses you.
The bullfrog releases a deep croak.
You block the bullfrog's attack. The bullfrog closely misses you.
The bullfrog hits you but does no damage.
Unknown command.
You closely miss the bullfrog.
The bullfrog is heavily wounded.
The bullfrog hits you but does no damage.
The bullfrog hits you.
* * * LOW HITPOINT WARNING * * *
You block the bullfrog's attack.
Unknown command.
You slash the bullfrog!
The bullfrog is almost dead.
The bullfrog hits you but does no damage.
The bullfrog barely misses you.
The bullfrog hits you but does no damage.
Unknown command.
Your unstable footing causes you to fumble your attack.
You block the bullfrog's attack. The bullfrog hits you.
* * * LOW HITPOINT WARNING * * *
The bullfrog hits you but does no damage.
The bullfrog barely misses you.
Unknown command.
You barely miss the bullfrog.
The bullfrog is almost dead.
The bullfrog hits you but does no damage. x2
You block the bullfrog's attack.
Unknown command.
You closely miss the bullfrog.
The bullfrog is almost dead.
The bullfrog hits you.
You die...

~~~~~~~~~≈~~≈≈≈~~~~≈≈~.#
......†~≈~≈≈~~~~..~~≈~.#
##~≈≈≈≈≈≈≈~~≈≈≈≈≈~.~≈~.#
≈≈≈~≈≈≈≈≈≈≈≈≈≈≈≈≈~.~≈~~#
≈≈~≈≈≈≈≈≈~~~~≈≈≈≈~~~≈~.#
≈≈≈≈≈≈≈~.~~.~~≈≈≈~~~≈~.#
≈≈≈≈≈≈~?.~~.≈≈~≈≈≈~~≈~~#
≈≈≈≈≈.[$!~~.~≈≈~≈†~~≈~~#
≈≈≈≈~~.)?~.~~~≈≈@≈≈~≈~~#
≈≈≈≈≈~~.≈≈~...≈FF≈≈≈≈~.#
≈≈.∩~~≈≈#≈≈≈~~#
≈≈≈~≈≈≈##≈≈≈~~# * ~
≈≈≈≈≈## #≈≈≈~.# ** ≈≈###
#~≈≈~.# * # * #.~≈~.#
#~≈≈~.# #~~≈~.#


You could see 2 bullfrogs.

Vanquished Creatures
  7 adders
  An orc (D:3)
  5 ball pythons
  2 endoplasms
  12 giant cockroaches
  5 goblins
  2 hobgoblins (D:2)
  4 kobolds
  3 quokkas
  5 bats
  7 frilled lizards
53 creatures vanquished.

Notes
Turn   | Place    | Note
-------+----------+-------------------------------------------
     0 | D:1      | lunkers the Meteoran Fighter began the quest for the Orb.
     0 | D:1      | Reached XP level 1. HP: 19/19 MP: 2/2
   142 | D:1      | Reached skill level 3 in Long Blades
   142 | D:1      | Reached XP level 2. HP: 26/26 MP: 3/3
   301 | D:2      | Reached skill level 4 in Long Blades
   301 | D:2      | Reached XP level 3. HP: 10/31 MP: 4/4
   366 | D:2      | Reached XP level 4. HP: 31/38 MP: 5/5
   445 | D:2      | Reached skill level 5 in Long Blades
   542 | D:3      | Found a glowing drain.
   592 | Sewer    | Entered a sewer
   630 | Sewer    | Reached XP level 5. HP: 45/45 MP: 6/6
   778 | Sewer    | Reached skill level 6 in Long Blades
   850 | Sewer    | Noticed a bullfrog
   850 | Sewer    | Noticed a bullfrog
   860 | Sewer    | HP: 1/45 [bullfrog (6)]
   862 | Sewer    | Slain by a bullfrog

Illustrated notes

Levels and vault maps discovered:
D:1:      evilmike_arrival_rings, layout_rooms, serial_forest,
          infiniplex_forest_clump_tiny, infiniplex_forest_straight_2,
          infiniplex_forest_straight_4, infiniplex_forest_clump_tiny,
          infiniplex_forest_clump_curved
D:2:      layout_loops_ring
D:3:      layout_rooms, amethyst_overflow_temple_binary,
          mainiacjoe_overflow_paths, cheibrodos_sewer_entry_sluice,
          uniq_natasha, uniq_sigmund, uniq_crazy_yiuf_cottage
Sewer:    sewer_frog_island_01

Skill      XL: |  1  2  3  4  5 |
---------------+----------------+-----
Long Blades    | 3 4 5 6 |  6.0
Fighting       | |  3.2
Armour         | |  3.6
Shields        | |  3.6

Action                     |  1- 3 |  4- 6 || total
---------------------------+-------+-------++-------
  Melee: Long sword        |    47 |   153 ||   200
    Use: Potion            |       |     1 ||     1
 Armour: Scale mail        |    23 |   116 ||   139
  Dodge: Dodged            |    17 |    83 ||   100
  Block: Buckler           |    10 |    44 ||    54

Table legend: (Time is in decaauts)
 A = Elapsed time spent in this place.
 B = Non-inter-level travel time spent in this place.
 C = Inter-level travel time spent in this place.
 D = Time resting spent in this place.
 E = Time spent auto-exploring this place.
 F = Levels seen in this place.
 G = Mean time per level.
                   A        B        C        D        E       F      G
               +--------+--------+--------+--------+--------+-----+--------+
         Total |    938 |    923 |     15 |      0 |    374 |   4 |  234.5 |
       Dungeon |    617 |    602 |     15 |      0 |    348 |   3 |  205.7 |
         Sewer |    321 |    321 |      0 |      0 |     26 |   1 |  321.0 |
               +--------+--------+--------+--------+--------+-----+--------+

Top non-repeatable levels by time:
   Sewer: 321 daAuts
     D:1: 294 daAuts
     D:2: 219 daAuts
     D:3: 103 daAuts
